 Dungeon Crawl Stone Soup version 0.30-b1-2-g02819fbbbe (webtiles) character file.

Game seed: 17838275101132853517

4020 Lolow the Grappler (level 10, 0/93 (100) HPs)
             Began as a Troll Berserker on May 31, 2023.
             Was a Priest of Trog.
             Slain by a wight
             ... wielding a +0 halberd
              (5 damage)
             ... on level 8 of the Dungeon.
             The game lasted 00:45:36 (8270 turns).

Lolow the Grappler (Troll Berserker)                Turns: 8270, Time: 00:45:36

HP:   0/93 (100)    AC:  5    Str: 28 (29) XL:     10   Next: 3%
MP:   10/10         EV: 10    Int:  1 (3)  God:    Trog [***...]
Gold: 328           SH:  0    Dex: 10 (11) Spells: 9/9 levels left

rFire   . .          .
                       - Unarmed
rCold   . . .        (no shield)
rNeg    . . .        a - +0 animal skin
rPois   +            (helmet restricted)
rElec   .            s - +0 cloak {rPois}
rCorr   .            (gloves unavailable)
SInv    .            (boots unavailable)
Will    .....        (no amulet)
Stlth   +            g - ring of poison resistance
HPRegen 1.15/turn    (no ring)
MPRegen 0.12/turn

%: no passive effects
@: on berserk cooldown, hasted and slowed, drained
A: large, unfitting armour, claws 3, regeneration 1, shaggy fur 1, tough skin 1,
deterioration 1, high MP 1
a: Renounce Religion, Berserk, Trog's Hand


You were on level 8 of the Dungeon.
You worshipped Trog.
Trog was most pleased with you.
You visited 2 branches of the dungeon, and saw 9 of its levels.

You collected 328 gold pieces.

Inventory:

Hand Weapons
 r - a +4 quarterstaff of chaos
 z - a +3 battleaxe of freezing
 B - a +2 spear of venom
 I - a +0 spear
Missiles
 q - 7 boomerangs (quivered)
 D - 7 stones
 K - 8 poisoned darts
 L - a curare-tipped dart
Armour
 a - a +0 animal skin (worn)
 j - a +0 helmet
 s - a +0 cloak of poison resistance (worn)
 y - the +1 buckler of Fashionability {Dex+3}
   (You found it on level 7 of the Dungeon)

   Dex:       It affects your dexterity (+3).
 A - a +0 chain mail
 C - a +3 plate armour
 E - a +0 animal skin
Jewellery
 g - a ring of poison resistance (left claw)
 H - a ring of protection from cold
Wands
 l - a wand of digging (4)
Scrolls
 d - 2 scrolls of noise
 o - a scroll of teleportation {unknown}
 t - a scroll of blinking
 u - a scroll of torment
 v - a scroll of identify
 w - 3 scrolls of enchant weapon
 x - 2 scrolls of acquirement {unknown}
 F - a scroll of vulnerability {unknown}
 J - 2 scrolls of brand weapon {unknown}
Potions
 b - a potion of ambrosia
 c - 4 potions of curing
 e - a potion of magic
 h - a potion of haste
 i - a potion of brilliance
 k - 3 potions of mutation
 m - 3 potions of flight
 n - 2 potions of lignification
 p - a potion of degeneration


   Skills:
 + Level 6.6 Fighting
 + Level 6.3 Throwing
 - Level 2.4 Dodging
 * Level 10.8 Unarmed Combat


You had 9 spell levels left.
You didn't know any spells.
Your spell library contained the following spells:

 Spells                   Type           Power      Damage    Failure   Level
 Beastly Appendage        Tmut           0%         N/A       56%         1
 Sting                    Tmut/Pois      0%         1d3       56%         1
 Poisonous Vapours        Pois/Air       0%         N/A       71%         2
 Wereblood                Tmut           0%         N/A       71%         2
 Gell's Gravitas          Tloc           0%         N/A       91%         3
 Spider Form              Tmut/Pois      0%         N/A       91%         3
 Teleport Other           Tloc           0%         N/A       91%         3
 Tukima's Dance           Hex            0%         N/A       91%         3
 Olgreb's Toxic Radiance  Pois           0%         N/A       100%        4
 Passage of Golubria      Tloc           0%         N/A       100%        4
 Yara's Violent Unravell  Hex/Tmut       0%         3d3       100%        5
 Dispersal                Tloc           0%         N/A       100%        6
 Borgnjor's Revivificati  Necr           0%         N/A       100%        8
 Necromutation            Tmut/Necr      0%         N/A       100%        8
 Death's Door             Necr           0%         N/A       100%        9


Dungeon Overview and Level Annotations

Branches:
Dungeon (8/15)             Temple (1/1) D:4
   Lair: D:8-11

Altars:
Ashenzari
Cheibriados
Dithmenos
Elyvilon
Fedhas
Gozag
Hepliaklqana
Kikubaaqudgha
Makhleb
Nemelex Xobeh
Okawaru
Qazlal
Ru
Trog
Vehumet
Wu Jian
Xom
Zin
The Shining One


Innate Abilities, Weirdness & Mutations

You are too large for most types of armour.
You have claws for hands.
Your natural rate of healing is unusually fast.
You are covered in fur. (AC +1)
You have tough skin. (AC +1)
Your body sometimes deteriorates upon taking damage.
You have an increased reservoir of magic. (+10% MP)


Message History

Your body deteriorates!
You feel dopey. The yak gores you but does no damage.
The wight hits you from afar with a +0 spear.
* * * LOW HITPOINT WARNING * * *
The yak barely misses you. The yak gores you but does no damage.
The wight closely misses you. The yak attacks as you move away!
The yak gores you!
* * * LOW HITPOINT WARNING * * *
The yak attacks as you move away! The yak closely misses you.
The yak attacks as you move away! The yak gores you.
* * * LOW HITPOINT WARNING * * *
You closely miss the yak. The yak gores you but does no damage.
The wight barely misses you.
You claw the yak!
The yak is heavily wounded.
You claw the yak!
The yak is severely wounded.
The wight hits you from afar with a +0 halberd.
* * * LOW HITPOINT WARNING * * *
The yak gores you but does no damage. The wight closely misses you.
You scratch the yak.
The yak is severely wounded.
The wight hits you from afar with a +0 spear!
* * * LOW HITPOINT WARNING * * *
You feel drained.
* * * LOW HITPOINT WARNING * * *
The yak barely misses you. The wight barely misses you.
You feel better. The yak completely misses you. The wight misses you.
The wight hits you but does no damage.
Throw: throwing net
Press: ? - help, Q - select action, (/) - cycle Shift-Dir - straight line, f - yak
Aim: a yak (severely wounded, 73% to hit)
You throw a throwing net. The throwing net hits the yak.
The yak is caught in the net!
The yak is severely wounded.
The yak struggles against the net.
The wight barely misses you.
The wight hits you from afar with a +0 halberd!
* * * LOW HITPOINT WARNING * * *
You feel drained.
You die...

#.##..# #.# #.###.#
#.# # #.# #.# #.# #
#.# #.# #.# # #.#
#.# #.# #
#.###.####. #
####......... #
#....###z######### #
###...†.zYzY@.......
#
#....#####y#########
# #..#..# ....# #.##
#......#...#....
#.##
#...#.##....###..
#.## .....#⌠.##+ .
..###. #.## #(...


#yz .. ...#. #.## # .## ##. .. ###.#.. # #.## .. y. #...#...# ###.## You could
see 2 yaks, a killer bee and 3 wights.

Vanquished Creatures
  6 yaks (D:8)
  Eustachio (D:6)
  Grum (D:8)
  3 swamp worms (D:7)
  Duvessa (D:4)
  A water moccasin (D:5)
  A sky beast (D:7)
  2 ogres (D:5)
  A black bear (D:5)
  4 wolves (D:8)
  2 centaurs (D:7)
  A kobold brigand (D:7)
  The ghost of snakesoul the Digger, an amateur GrEE (D:3)
  Blork the orc (D:5)
  2 scorpions
  8 wights
  Dowan (D:4)
  3 howler monkeys (D:8)
  Crazy Yiuf (D:3)
  3 hounds
  2 orc priests (D:6)
  3 jellies
  Natasha (twice) (D:2)
  6 iguanas
  Robin (D:3)
  2 adders (D:3)
  A river rat (D:3)
  3 white imps
  2 ufetubi
  4 worms
  13 orcs
  6 ball pythons
  A bat (D:2)
  3 endoplasms
  5 giant cockroaches
  13 hobgoblins
  4 jackals (D:4)
  2 quokkas
  3 frilled lizards
  12 goblins
  18 kobolds
  A rat (D:1)
151 creatures vanquished.

Vanquished Creatures (others)
  3 plants (D:7)
3 creatures vanquished.

Grand Total: 154 creatures vanquished

Notes
Turn   | Place    | Note
-------+----------+-------------------------------------------
     0 | D:1      | Lolow the Troll Berserker began the quest for the Orb.
     0 | D:1      | Reached XP level 1. HP: 22/22 MP: 0/0
   216 | D:1      | Reached XP level 2. HP: 29/29 MP: 1/1
   604 | D:2      | Reached ** piety under Trog
   801 | D:2      | Reached XP level 3. HP: 36/36 MP: 2/2
   968 | D:2      | Noticed Natasha
   975 | D:2      | Killed Natasha
   976 | D:2      | Reached skill level 4 in Unarmed Combat
  1268 | D:2      | Noticed Natasha
  1273 | D:2      | Killed Natasha
  1274 | D:2      | Reached skill level 1 in Throwing
  1274 | D:2      | Reached XP level 4. HP: 45/45 MP: 3/3
  1338 | D:3      | Noticed Robin
  1356 | D:3      | Killed Robin
  1737 | D:3      | Reached XP level 5. HP: 53/53 MP: 4/4
  1746 | D:3      | Reached *** piety under Trog
  1767 | D:3      | Found a glowing drain.
  1870 | D:3      | Found a runed translucent door.
  1871 | D:3      | Noticed snakesoul's ghost (amateur GrEE)
  1885 | D:3      | Killed snakesoul's ghost
  1886 | D:3      | Reached skill level 5 in Unarmed Combat
  2134 | D:3      | Found a stormy altar of Qazlal.
  2544 | D:3      | Found a runed translucent door.
  2545 | D:3      | Noticed Crazy Yiuf
  2551 | D:3      | Killed Crazy Yiuf
  3113 | D:4      | Reached XP level 6. HP: 54/61 MP: 5/5
  3238 | D:3      | Gained mutation: You have an increased reservoir of magic.
                  | (+10% MP) [potion of mutation]
  3238 | D:3      | Gained mutation: Your body sometimes deteriorates upon
                  | taking damage. [potion of mutation]
  3515 | D:4      | Found a staircase to the Ecumenical Temple.
  3618 | D:4      | Noticed Duvessa
  3622 | D:4      | Killed Duvessa
  3623 | D:4      | Reached skill level 6 in Unarmed Combat
  3627 | D:4      | Noticed Dowan
  3641 | D:4      | Killed Dowan
  3642 | D:4      | Reached XP level 7. HP: 54/68 MP: 6/6
  4141 | D:5      | Entered Level 5 of the Dungeon
  4141 | D:5      | Noticed Blork the orc
  4185 | Temple   | Entered the Ecumenical Temple
  4440 | D:5      | Killed Blork the orc
  4627 | D:5      | Reached skill level 7 in Unarmed Combat
  4649 | D:5      | Reached XP level 8. HP: 76/79 MP: 7/7
  5603 | D:6      | Found a radiant altar of Vehumet.
  5641 | D:6      | Noticed Eustachio
  5659 | D:6      | Killed Eustachio
  5660 | D:6      | Reached skill level 5 in Fighting
  5660 | D:6      | Reached skill level 8 in Unarmed Combat
  5945 | D:6      | Found a white marble altar of Elyvilon.
  6917 | D:7      | Reached skill level 5 in Throwing
  6917 | D:7      | Reached skill level 9 in Unarmed Combat
  6917 | D:7      | Reached XP level 9. HP: 78/88 MP: 8/8
  7115 | D:7      | Found a shadowy altar of Dithmenos.
  7197 | D:7      | Found an opulent altar of Gozag.
  7371 | D:7      | Found an ornate altar of the Wu Jian Council.
  7575 | D:7      | Identified the +1 buckler of Fashionability {Dex+3}
  7694 | D:7      | Found a sparkling altar of Nemelex Xobeh.
  7880 | D:8      | Found a broken altar of Ashenzari.
  7986 | D:8      | Noticed Grum
  8002 | D:8      | Reached skill level 10 in Unarmed Combat
  8005 | D:8      | Killed Grum
  8149 | D:8      | Reached XP level 10. HP: 63/100 MP: 10/10
  8270 | D:8      | Slain by a wight

Illustrated notes

Levels and vault maps discovered:
D:1:      minmay_arrival_radiant_lines, layout_basic, minmay_statues_item
D:2:      layout_loops_ring, minmay_strange_pillars,
          chequers_hall_statues_corner_a, uniq_natasha
D:3:      layout_basic, mainiacjoe_overflow_paths, portal_sewer_entry_a,
          ebering_ghost_reflecting_pool, serial_glass, glass_columns_a,
          glass_columns_b, minmay_strange_pillars, due_unseen_surprise,
          feat_on_display, uniq_crazy_yiuf_cottage, uniq_robin
D:4:      layout_loops_ring, temple_pool_b, nicolae_eternal_life, uniq_duvessa
D:5:      layout_cave_pools, uniq_blork_the_orc
D:6:      layout_basic, elyvilon_altar_3, fiery_altar_vehumet, uniq_eustachio
D:7:      layout_loops_corners, kennysheep_mini_moat, marbit_many_paths,
          general_overflow_altar, grunt_gozag_breadcrumbs, worms_lemuel
D:8:      layout_loops_ring, evilmike_ruin_ashenzari, uniq_grum
Temple:   bh_familiar_temple

Skill      XL: |  1  2  3  4  5  6  7  8  9 |
---------------+----------------------------+-----
Unarmed Combat | 4 5 6 7 9 10 | 10.8
Fighting       | 3 4 5 6 |  6.6
Throwing       | 1 2 3 5 6 |  6.3
Dodging        | |  2.4

Action                     |  1- 3 |  4- 6 |  7- 9 | 10-12 || total
---------------------------+-------+-------+-------+-------++-------
  Melee: Unarmed           |    71 |   116 |   183 |    18 ||   388
         Punch             |     1 |     1 |    11 |     2 ||    15
  Throw: Dart              |    38 |    37 |    51 |       ||   126
         Stone             |       |       |    28 |       ||    28
         Boomerang         |       |       |    28 |     2 ||    30
         Throwing net      |       |       |     2 |     1 ||     3
 Invoke: Berserk           |       |     4 |     4 |     1 ||     9
         Trog's Hand       |       |     2 |     2 |       ||     4
    Use: Scroll            |     2 |     5 |     9 |       ||    16
         Potion            |       |     1 |     1 |     3 ||     5
   Stab: Sleeping          |     1 |       |       |       ||     1
 Armour: Animal skin       |    20 |    20 |    36 |     8 ||    84
  Dodge: Dodged            |    20 |    46 |   117 |    26 ||   209
